 Dungeon Crawl Stone Soup version 0.30-a0-1164-ge08a67761e (webtiles) character file.

Game seed: 9152218957743177323

175393 rinse the Slayer (level 17, -6/155 HPs)
             Began as a Pale Draconian Conjurer on Apr 29, 2023.
             Was a High Priest of Vehumet.
             Mangled by a ten-headed hydra (7 damage)
             ... on level 2 of the Lair of Beasts.
             The game lasted 02:23:35 (49050 turns).

rinse the Slayer (Pale Draconian Conjurer)         Turns: 49050, Time: 02:23:35

Health: -6/155     AC: 17    Str: 10    XL:     17   Next: 22%
Magic:  30/33      EV: 17    Int: 27    God:    Vehumet [*****.]
Gold:   2131       SH:  0    Dex: 13    Spells: 8/40 levels left

rFire   . . .        J - staff of air
rCold   . . .        (no shield)
rNeg    . . .        (body armour unavailable)
rPois   .            (helmet restricted)
rElec   +            p - +2 cloak
rCorr   .            i - +2 pair of gloves {Stlth+}
SInv    .            t - +1 pair of boots
Will    +....        s - amulet of magic regeneration
Stlth   +            b - +6 ring of dexterity
HPRegen 0.45/turn    k - +5 ring of evasion
MPRegen 0.63/turn

%: no passive effects
@: contaminated, hasted, glowing, studying Ranged Weapons, unable to read, very
quick
A: breathe steam, AC +9, unfitting armour, cold-blooded, steam resistance,
talons 1, clumsy 1, frail 1, inability to read after injury 2
}: 1/15 runes: decaying
a: Breathe Steam, Renounce Religion


You were on level 2 of the Lair of Beasts.
You worshipped Vehumet.
Vehumet was extremely pleased with you.
You visited 5 branches of the dungeon, and saw 27 of its levels.
You visited the Abyss 1 time.

You collected 3262 gold pieces.
You spent 1131 gold pieces at shops.

Inventory:

Hand Weapons
 h - a +4 dire flail of electrocution
 H - a +3 demon trident of protection
Missiles
 A - 63 poisoned darts
 B - 2 throwing nets
Armour
 i - a +2 pair of gloves of stealth (worn)
 p - a +2 cloak (worn)
 t - a +1 pair of boots (worn)
Magical Staves
 J - a staff of air (weapon)
Jewellery
 b - a +6 ring of dexterity (left hand)
 g - a ring of protection from fire
 k - a +5 ring of evasion (right hand)
 n - a ring of protection from fire
 s - an amulet of magic regeneration (around neck)
 v - an amulet of reflection
 E - a ring of protection from fire
 I - a ring of willpower
 P - a ring of protection from cold
 R - a ring of positive energy
 T - a ring of resist corrosion
 U - a ring of poison resistance
 V - a ring of magical power
Wands
 m - a wand of roots (27)
 u - a wand of polymorph (18)
 w - a wand of mindburst (8)
 x - a wand of quicksilver (13)
 y - a wand of digging (10)
 M - a wand of flame (20)
 Y - a wand of charming (18)
Scrolls
 d - 5 scrolls of silence
 e - 3 scrolls of magic mapping
 j - 2 scrolls of amnesia
 q - 12 scrolls of teleportation
 G - 9 scrolls of identify
 L - 2 scrolls of fog
 Q - 2 scrolls of blinking
 Z - a scroll of summoning
Potions
 a - 3 potions of magic
 c - 2 potions of berserk rage
 f - 3 potions of heal wounds
 l - 4 potions of flight
 o - 4 potions of lignification
 r - 3 potions of brilliance
 z - 18 potions of curing
 D - a potion of might
 F - 3 potions of haste
 K - a potion of resistance
 O - 2 potions of ambrosia
 W - a potion of invisibility


   Skills:
 + Level 21.0 Fighting
 - Level 1.7 Dodging
 - Level 1.7 Stealth
 + Level 12.1 Spellcasting
 + Level 13.4 Conjurations
 - Level 2.0 Translocations
 - Level 4.0 Transmutations
 - Level 8.7 Fire Magic
 + Level 16.5 Air Magic


You had 8 spell levels left.
You knew the following spells:

 Your Spells              Type           Power      Damage    Failure   Level
a - Arcjolt               Conj/Air       49%        1d59      1%          5
b - Searing Ray           Conj           100%       2d8       0%          2
c - Freezing Cloud        Conj/Ice/Air   40%        6-21      1%          5
d - Plasma Beam           Fire/Air       45%        2x1d65    1%          6
e - Magic Dart            Conj           100%       1d8       0%          1
f - Vhi's Electric Charg  Tloc/Air       100%       N/A       1%          3
g - Irradiate             Conj/Tmut      29%        3d21      1%          5
h - Iskenderun's Battles  Conj           73%        2d12      1%          5

Your spell library contained the following spells:

 Spells                   Type           Power      Damage    Failure   Level
 Iron Shot                Conj/Erth      25%        9d5       10%         6
 Beastly Appendage        Tmut           76%        N/A       1%          1
 Cigotuvi's Dreadful Rot  Necr/Pois/Air  100%       N/A       1%          2
 Poisonous Vapours        Pois/Air       100%       N/A       1%          2
 Scorch                   Fire           100%       2d9       1%          2
 Wereblood                Tmut           38%        N/A       1%          2
 Dazzling Flash           Conj/Hex       100%       N/A       1%          3
 Ignite Poison            Fire/Tmut/Pois 39%        N/A       1%          3
 Mephitic Cloud           Conj/Pois/Air  81%        N/A       1%          3
 Stone Arrow              Conj/Erth      100%       3d13      1%          3
 Flame Wave               Conj/Fire      66%        2d15      1%          4
 Fulminant Prism          Conj/Hex       25%        3d13      1%          4
 Iskenderun's Mystic Bla  Conj/Tloc      55%        2d12      1%          4
 Summon Lightning Spire   Summ/Air       75%        N/A       1%          4
 Spider Form              Tmut/Pois      27%        N/A       4%          3
 Ensorcelled Hibernation  Hex/Ice        32%        N/A       5%          2
 Sublimation of Blood     Necr           16%        N/A       5%          2
 Portal Projectile        Hex/Tloc       42%        N/A       7%          3
 Maxwell's Capacitive Co  Air            51%        ∞         7%          8
 Call Canine Familiar     Summ           16%        N/A       11%         3
 Manifold Assault         Tloc           27%        N/A       16%         4
 Anguish                  Hex/Necr       8%         N/A       34%         4
 Dispel Undead            Necr           16%        3d10      34%         4
 Leda's Liquefaction      Hex/Erth       8%         N/A       34%         4
 Storm Form               Tmut/Air       41%        N/A       41%         7
 Dispersal                Tloc           13%        N/A       93%         6
 Lehudib's Crystal Spear  Conj/Erth      25%        10d7      96%         8
 Death Channel            Necr           8%         N/A       99%         6
 Summon Cactus Giant      Summ           8%         N/A       99%         6
 Summon Hydra             Summ           8%         N/A       100%        7
 Disjunction              Tloc           13%        N/A       100%        8
 Animate Armour           Summ/Erth      Unusable   N/A       N/A         4

Dungeon Overview and Level Annotations

Branches:
Dungeon (15/15)            Temple (1/1) D:4            Lair (5/5) D:9
  Swamp (4/4) Lair:2        Snake (0/4) Lair:2        Slime (0/5) Lair:5
    Orc (2/2) D:10            Elf (0/3) Orc:2        Vaults (0/5) D:13
 Depths (0/4) D:15

Altars:
Ashenzari
Cheibriados
Dithmenos
Elyvilon
Fedhas
Gozag
Hepliaklqana
Kikubaaqudgha
Makhleb
Nemelex Xobeh
Okawaru
Qazlal
Ru
Sif Muna
Trog
Uskayaw
Vehumet
Wu Jian
Xom
Yredelemnul
Zin
The Shining One
Jiyva

Shops:
D:1 ?   Orc:2 !(:?

Annotations:
D:7 1 runed translucent door, Crazy Yiuf
D:14 exclusion: orange crystal statue
Lair:5 1 runed translucent door


Innate Abilities, Weirdness & Mutations

You can breathe blasts of scalding, opaque steam.
Your pale cyan-grey scales are hard. (AC +9)
You cannot fit into any form of body armour.
You are cold-blooded and may be slowed by cold attacks.
You are immune to the effects of steam.
You have sharp toenails.
You are clumsy. (Dex -2)
You are frail. (-10% HP)
You sometimes lose the ability to read scrolls when taking damage.


Message History

Unknown command.
You cannot read scrolls in your current state!
Unknown command.
You feel much better. The ten-headed hydra bites you.
The ten-headed hydra closely misses you.
The ten-headed hydra bites you but does no damage.
The ten-headed hydra bites you!
* * * LOW HITPOINT WARNING * * *
The ten-headed hydra closely misses you.
The ten-headed hydra bites you but does no damage.
The ten-headed hydra completely misses you.
The ten-headed hydra closely misses you.
The ten-headed hydra bites you but does no damage.
The ten-headed hydra completely misses you.
The ten-headed hydra attacks as you move away!
The ten-headed hydra bites you but does no damage.
The ten-headed hydra barely misses you.
The ten-headed hydra completely misses you. x2
The ten-headed hydra bites you.
* * * LOW HITPOINT WARNING * * *
The ten-headed hydra bites you!
* * * LOW HITPOINT WARNING * * *
The ten-headed hydra barely misses you.
The ten-headed hydra completely misses you.
The ten-headed hydra closely misses you.
The ten-headed hydra bites you!
* * * LOW HITPOINT WARNING * * *
There is a stone staircase leading up, spattered with blood here.
You feel yourself speed up.
The ten-headed hydra bites you but does no damage.
The ten-headed hydra barely misses you. The ten-headed hydra bites you.
* * * LOW HITPOINT WARNING * * *
The ten-headed hydra bites you but does no damage.
The ten-headed hydra bites you!
* * * LOW HITPOINT WARNING * * *
The ten-headed hydra bites you.
* * * LOW HITPOINT WARNING * * *
The ten-headed hydra closely misses you.
The ten-headed hydra bites you!
You die...

P♣~~~.♣♣.###
#....##....P...##
...~.^♣##..#
##....#..P.....#.# P.♣PP♣♣
##.## #..............###
♣♣♣P♣♣
##..####............## ##
#♣#
###....###..........)#.###P
##.#..P#..#.....P......###~~
#.....D.#D#.......P.##.##.~~
###'''####D........###.~.~~~
##.....####@.....### #..~~~.
#~....:♣ ##.....## #..~~..
#♣..)...##......# #..~~..
♣....!♣###.....## #..~~.~ #
#$...~# #...>...# ##.~~~.
#### ##♣.♣####.......##
#.#.~~~ ...#### #.........#
####.~~ ...#..#
####........# ##.~ .....÷#
###.##.......### ### #.#


You could see a 12-headed hydra and a ten-headed hydra.

Vanquished Creatures
  the Lernaean hydra (Swamp:4)
  A tentacled monstrosity (Swamp:4)
  The ghost of baller8008 the Warrior, an adept MiFi of Okawaru (Swamp:4)
  A thorn hunter (Swamp:2)
  A fenstrider witch (Swamp:4)
  3 ghouls
  The ghost of Juisar the Executioner, a journeyman HOFi of Jiyva (Lair:2)
  3 eleionomae
  3 bunyips
  An ettin (Orc:2)
  A fire dragon (D:15)
  3 shambling mangroves
  2 ice dragons
  8 vault guards (D:13)
  5 ogre magi
  21 hydras
  5 ghost crabs
  8 centaur warriors
  A catoblepas (Lair:5)
  3 two-headed ogres (D:15)
  2 death knights
  A dancing weapon (Swamp:4)
  9 alligators
  3 boulder beetles
  A tengu warrior (D:14)
  Nergalle (D:12)
  8 skeletal warriors
  A skyshark (Lair:5)
  6 goliath frogs
  A spriggan druid (Swamp:3)
  16 swamp dragons
  4 bog bodies
  Pikel (D:3)
  A lindwurm (Lair:5)
  9 wizards (D:10)
  A phantasmal warrior (D:15)
  2 orc knights (D:9)
  A deep elf pyromancer (D:13)
  6 orc sorcerers (Orc:2)
  3 cyclopes
  23 ugly things
  5 will-o-the-wisps
  4 manticores
  A black mamba (shapeshifter) (D:15)
  4 elephants (Lair:5)
  4 black mambas
  6 torpor snails
  11 cane toads
  2 gargoyles
  8 rime drakes
  A rime drake (shapeshifter) (D:13)
  2 unseen horrors
  A freezing wraith (D:15)
  A kobold demonologist (D:11)
  11 komodo dragons
  A tengu conjurer (D:13)
  14 tyrant leeches
  4 trolls
  The ghost of mnelsen79 the Chopper, an amateur HOMo (D:4)
  12 polar bears
  Grinder (D:4)
  18 hornets
  4 dream sheep
  A blink frog (shapeshifter) (D:15)
  22 blink frogs
  2 raiju (Lair:5)
  3 slime creatures (D:14)
  7 spriggans
  2 wyverns
  54 yaks
  A water elemental (D:14)
  5 wraiths
  A vampire (D:12)
  7 basilisks
  Eustachio (D:6)
  4 acid dragons
  20 vampire mosquitoes
  10 swamp worms
  7 wargs
  A naga (Lair:2)
  Edmund (D:4)
  An acid dragon (shapeshifter) (D:14)
  Duvessa (D:7)
  15 water moccasins
  16 hell hounds (Lair:5)
  17 orc warriors
  17 black bears
  A hornet zombie (D:7)
  7 swamp drakes
  6 ogres
  17 wolves
  16 centaurs
  A lemure (D:3)
  3 kobold brigands
  2 phantoms
  4 bullfrogs
  2 gnoll sergeants
  2 necrophages (D:7)
  5 scorpions
  Blork the orc (D:4)
  2 wyvern zombies
  9 wights
  3 killer bees (D:7)
  Dowan (D:7)
  9 howler monkeys
  8 electric eels
  2 bullfrog zombies
  A centaur zombie (D:7)
  A human zombie (D:7)
  6 hounds
  3 jellies
  14 orc priests
  A gnoll bouda (D:7)
  Ijyb (D:4)
  A sleepcap (D:7)
  3 iguanas
  39 orc wizards
  5 hell rats (Lair:5)
  3 killer bee zombies (D:7)
  Robin (D:3)
  11 gnolls
  A howler monkey skeleton (D:4)
  13 adders
  A shadow imp (D:5)
  2 white imps
  2 ufetubi (D:6)
  2 worms
  4 dart slugs
  70 orcs
  7 bats
  5 endoplasms
  8 giant cockroaches
  18 goblins
  9 hobgoblins
  3 jackals (D:2)
  7 quokkas
  7 ball pythons
  4 frilled lizards
  21 kobolds
  6 rats
  A bush (Lair:2)
887 creatures vanquished.

Vanquished Creatures (collateral kills)
  A wraith (Abyss:3)
1 creature vanquished.

Vanquished Creatures (others)
  A bloated husk (Swamp:3)
  2 swamp worms (Swamp:3)
  An orc wizard (Orc:2)
  An orc (D:6)
  12 foxfires
  36 fungi
  A lurking horror (Abyss:4)
  209 plants
  2 starspawn tentacles (Abyss:3)
265 creatures vanquished.

Grand Total: 1153 creatures vanquished

Notes
Turn   | Place    | Note
-------+----------+-------------------------------------------
     0 | D:1      | rinse the Draconian Conjurer began the quest for the Orb.
     0 | D:1      | Reached XP level 1. HP: 14/14 MP: 3/3
   161 | D:1      | Reached skill level 1 in Fighting
   161 | D:1      | Reached XP level 2. HP: 20/23 MP: 0/5
   464 | D:1      | You fall into a shaft and drop 1 floor!
   582 | D:1      | Reached XP level 3. HP: 10/28 MP: 6/6
  1046 | D:1      | Found Xezienk's Magic Scroll Emporium.
  1152 | D:2      | Learned a level 2 spell: Searing Ray
  1240 | D:2      | Reached skill level 2 in Fighting
  1436 | D:2      | Reached XP level 4. HP: 36/36 MP: 4/8
  2209 | D:3      | Noticed Robin
  2252 | D:3      | Killed Robin
  2253 | D:3      | Reached XP level 5. HP: 28/42 MP: 5/9
  2278 | D:3      | Reached skill level 5 in Conjurations
  2727 | D:4      | Noticed Pikel
  2727 | D:4      | Noticed a lemure
  2727 | D:4      | Noticed a lemure
  2727 | D:4      | Noticed a lemure
  2729 | D:4      | Noticed a lemure
  2739 | D:3      | Killed a lemure
  2741 | D:3      | Killed Pikel
  2742 | D:3      | Reached skill level 4 in Fighting
  2742 | D:3      | Reached XP level 6. HP: 18/53 MP: 10/12
  2742 | D:3      | Your scales start taking on a pale cyan-grey colour.
  2742 | D:3      | Reached XP level 7. HP: 21/60 MP: 10/13
  2742 | D:3      | Gained mutation: You are immune to the effects of steam.
                  | [Pale Draconian growth]
  2882 | D:3      | Learned a level 3 spell: Vhi's Electric Charge
  2886 | D:4      | Noticed Ijyb
  2895 | D:4      | Killed Ijyb
  2970 | D:4      | Noticed Edmund
  2994 | D:4      | Killed Edmund
  2995 | D:4      | Reached skill level 5 in Fighting
  2995 | D:4      | Reached skill level 1 in Translocations
  2995 | D:4      | Reached skill level 1 in Air Magic
  2998 | D:4      | Noticed Grinder
  3043 | D:4      | Killed Grinder
  3101 | D:4      | Found a large runed translucent door.
  3103 | D:4      | Found a large runed translucent door.
  3220 | D:4      | Noticed Blork the orc
  3229 | D:4      | Killed Blork the orc
  3230 | D:4      | Reached XP level 8. HP: 68/70 MP: 9/14
  3279 | D:4      | Found a transporter.
  3374 | D:4      | Found a transporter.
  3376 | D:4      | Noticed mnelsen79's ghost (amateur HOMo)
  3384 | D:4      | Found a staircase to the Ecumenical Temple.
  3393 | Temple   | Entered the Ecumenical Temple
  3630 | D:4      | Reached skill level 6 in Fighting
  3749 | D:4      | Found a radiant altar of Vehumet.
  3751 | D:4      | Found a hide-covered altar of Uskayaw.
  3752 | D:4      | Found a white marble altar of Elyvilon.
  3806 | D:5      | Entered Level 5 of the Dungeon
  3822 | D:4      | Found a stormy altar of Qazlal.
  3822 | D:4      | Found an iron altar of Okawaru.
  3833 | D:4      | Became a worshipper of Vehumet
  4178 | D:4      | Learned a level 5 spell: Arcjolt
  4387 | D:5      | Reached skill level 7 in Fighting
  4528 | D:5      | Reached skill level 5 in Air Magic
  5277 | D:6      | Reached * piety under Vehumet
  5277 | D:6      | Offered knowledge of Shock by Vehumet.
  5681 | D:6      | Reached skill level 8 in Fighting
  5681 | D:6      | Reached XP level 9. HP: 72/81 MP: 7/15
  6703 | D:6      | Noticed Eustachio
  6713 | D:6      | Killed Eustachio
  6792 | D:6      | Learned a level 6 spell: Plasma Beam
  7356 | D:7      | Reached skill level 9 in Fighting
  7393 | D:7      | Found an ancient bone altar of Kikubaaqudgha.
  7683 | D:7      | Offered knowledge of Poisonous Vapours by Vehumet.
  7886 | D:7      | Reached ** piety under Vehumet
  8048 | D:7      | Noticed Duvessa
  8054 | D:7      | Noticed Dowan
  8059 | D:7      | Killed Duvessa
  8060 | D:7      | Reached skill level 1 in Fire Magic
  8072 | D:7      | Killed Dowan
  8189 | D:7      | Reached skill level 10 in Fighting
  8552 | D:7      | Found a runed translucent door.
  8553 | D:7      | Noticed Crazy Yiuf
  8951 | D:8      | Reached XP level 10. HP: 92/94 MP: 12/16
  8977 | D:8      | Offered knowledge of Mephitic Cloud by Vehumet.
  9305 | D:8      | Reached *** piety under Vehumet
  9538 | D:8      | Reached skill level 5 in Fire Magic
 10015 | D:9      | Found a staircase to the Lair.
 10029 | D:9      | Offered knowledge of Airstrike by Vehumet.
 10975 | D:10     | Entered Level 10 of the Dungeon
 10975 | D:10     | Found a staircase to the Orcish Mines.
 10976 | D:10     | Noticed an orc knight
 10981 | D:10     | Noticed an orc knight
 10985 | D:9      | Reached skill level 5 in Spellcasting
 11190 | D:9      | Killed an orc knight
 11366 | D:10     | Noticed a manticore
 11380 | D:9      | Killed an orc knight
 11899 | D:10     | Noticed a wizard
 11901 | Abyss:3  | Cast into level 3 of the Abyss (a wizard)
 11920 | Abyss:3  | Reached **** piety under Vehumet
 11921 | Abyss:3  | Reached XP level 11. HP: 98/101 MP: 20/20
 11936 | Abyss:3  | Noticed a large abomination
 12043 | Abyss:4  | Noticed a thrashing horror
 12046 | Abyss:4  | Noticed a thrashing horror
 12047 | Abyss:4  | Noticed a thrashing horror
 12048 | D:10     | Escaped the Abyss
 12316 | Lair:1   | Entered Level 1 of the Lair of Beasts
 13011 | Lair:1   | Offered knowledge of Frozen Ramparts by Vehumet.
 13090 | Lair:1   | Learned a level 5 spell: Freezing Cloud
 14805 | Lair:2   | Found a runed translucent gate.
 14805 | Lair:2   | Found a runed translucent gate.
 14805 | Lair:2   | Found a runed translucent gate.
 14805 | Lair:2   | Noticed a 12-headed hydra
 14805 | Lair:2   | Noticed Juisar's ghost (journeyman HOFi)
 14805 | Lair:2   | Noticed a ten-headed hydra
 14863 | Lair:2   | Noticed an eight-headed hydra
 14869 | Lair:2   | Killed an eight-headed hydra
 14870 | Lair:2   | Reached skill level 11 in Fighting
 15823 | Lair:2   | Reached XP level 12. HP: 42/111 MP: 23/25
 16110 | Lair:2   | Reached skill level 10 in Air Magic
 16371 | Lair:2   | Reached skill level 12 in Fighting
 17208 | Lair:2   | Found a staircase to the Snake Pit.
 17556 | Lair:2   | Found a staircase to the Swamp.
 18769 | Lair:3   | Noticed a boulder beetle
 18783 | Lair:3   | Killed a boulder beetle
 19002 | Lair:3   | Reached skill level 13 in Fighting
 19002 | Lair:3   | Reached skill level 10 in Spellcasting
 19270 | Lair:3   | Noticed an eight-headed hydra
 19274 | Lair:3   | Killed an eight-headed hydra
 21090 | Lair:5   | Entered Level 5 of the Lair of Beasts
 21154 | Lair:5   | Reached skill level 14 in Fighting
 21154 | Lair:5   | Noticed a five-headed hydra
 21158 | Lair:5   | Killed a five-headed hydra
 21397 | Lair:5   | Reached XP level 13. HP: 124/124 MP: 25/28
 21399 | Lair:5   | Reached ***** piety under Vehumet
 21530 | Lair:5   | Found a runed translucent door.
 21530 | Lair:5   | Found a viscous altar of Jiyva.
 21530 | Lair:5   | Noticed an acid blob
 21553 | Lair:5   | Offered knowledge of Irradiate by Vehumet.
 21610 | Lair:5   | Learned a level 5 spell: Irradiate
 21663 | Lair:5   | Reached skill level 1 in Transmutations
 21917 | Lair:5   | Noticed an acid blob
 21919 | Lair:5   | Found a staircase to the Slime Pits.
 21961 | Lair:5   | Reached skill level 15 in Fighting
 22448 | Lair:5   | Found a hazy altar of Hepliaklqana.
 22665 | Lair:5   | Offered knowledge of Ozocubu's Refrigeration by Vehumet.
 22715 | Lair:5   | Reached skill level 16 in Fighting
 24331 | Lair:5   | Reached skill level 17 in Fighting
 25130 | Lair:5   | Found a runed translucent door.
 25462 | Lair:5   | Reached XP level 14. HP: 140/140 MP: 29/29
 25554 | Lair:5   | Paralysed by a hornet for 2 turns
 25886 | Lair:5   | Identified a scroll of acquirement
 25887 | Lair:5   | Acquired a +0 quick blade of freezing
 26072 | Lair:5   | Gained mutation: You have sharp toenails. [mutagenic glow]
 26459 | Lair:5   | Offered knowledge of Starburst by Vehumet.
 26912 | D:4      | Found a glowing golden altar of the Shining One.
 26926 | D:4      | Found an ornate altar of the Wu Jian Council.
 26992 | D:4      | Killed mnelsen79's ghost
 27697 | D:10     | Found the +3 warlock's mirror {omnireflect}
 28346 | Orc:1    | Entered Level 1 of the Orcish Mines
 29199 | Orc:2    | Entered Level 2 of the Orcish Mines
 29427 | Orc:2    | Offered knowledge of Yara's Violent Unravelling by Vehumet.
 29649 | D:1      | Bought 3 scrolls of silence for 313 gold pieces
 29836 | Orc:2    | Reached skill level 18 in Fighting
 29853 | Orc:2    | Found a staircase to the Elven Halls.
 30691 | Orc:2    | Paralysed by an orc sorcerer for 4 turns
 30744 | Orc:2    | Found Ogaba's Book Emporium.
 30767 | Orc:2    | Found an ancient bone altar of Kikubaaqudgha.
 30914 | Orc:2    | Found Houbben's Distillery.
 30997 | Orc:2    | Found a radiant altar of Vehumet.
 31066 | Orc:2    | Found Foseoc's Magic Scroll Shoppe.
 31078 | Orc:2    | Found Vizief's Antique Weapon Shoppe.
 31170 | Orc:2    | Bought a potion of curing for 45 gold pieces
 31170 | Orc:2    | Bought a potion of heal wounds for 75 gold pieces
 31170 | Orc:2    | Bought a potion of magic for 120 gold pieces
 31170 | Orc:2    | Bought a potion of curing for 45 gold pieces
 31170 | Orc:2    | Bought a potion of heal wounds for 75 gold pieces
 31223 | Orc:2    | Bought a scroll of fog for 40 gold pieces
 31223 | Orc:2    | Bought a scroll of blinking for 75 gold pieces
 31223 | Orc:2    | Bought a scroll of magic mapping for 75 gold pieces
 31587 | D:11     | Offered knowledge of Conjure Ball Lightning by Vehumet.
 32405 | D:12     | Noticed Nergalle
 32411 | D:12     | Killed Nergalle
 34028 | D:13     | Reached XP level 15. HP: 76/150 MP: 26/30
 34289 | D:13     | Found a glowing silver altar of Zin.
 34527 | D:13     | Found a gate to the Vaults.
 35664 | D:14     | Reached skill level 19 in Fighting
 35664 | D:14     | Reached skill level 10 in Conjurations
 37570 | D:15     | Entered Level 15 of the Dungeon
 37876 | D:15     | Gained mutation: You occasionally lose the ability to read
                  | scrolls when taking damage. [mutagenic glow]
 39627 | D:15     | Found a staircase to the Depths.
 39845 | Swamp:1  | Entered Level 1 of the Swamp
 40085 | Swamp:1  | Reached XP level 16. HP: 123/162 MP: 27/31
 40284 | Swamp:1  | Offered knowledge of Iskenderun's Battlesphere by Vehumet.
 40656 | Swamp:1  | Reached skill level 15 in Air Magic
 41859 | Swamp:1  | Reached skill level 20 in Fighting
 42170 | Swamp:2  | Noticed a thorn hunter
 42173 | Swamp:2  | Killed a thorn hunter
 44337 | Swamp:3  | Learned a level 5 spell: Iskenderun's Battlesphere
 45279 | Swamp:4  | Entered Level 4 of the Swamp
 45562 | Swamp:4  | Offered knowledge of Iron Shot by Vehumet.
 47433 | Swamp:4  | Found a runed translucent door.
 47434 | Swamp:4  | Found a shimmering altar of Xom.
 47434 | Swamp:4  | Noticed baller8008's ghost (adept MiFi)
 47665 | Swamp:4  | Noticed a tentacled monstrosity
 47668 | Swamp:4  | Reached XP level 17. HP: 172/172 MP: 21/32
 47672 | Swamp:4  | Killed a tentacled monstrosity
 47780 | Swamp:4  | Noticed the 27-headed Lernaean hydra
 47783 | Swamp:4  | Killed the 27-headed Lernaean hydra
 47933 | Swamp:4  | Gained mutation: You sometimes lose the ability to read
                  | scrolls when taking damage. [mutagenic glow]
 47946 | Swamp:4  | Gained mutation: You are clumsy. (Dex -2) [mutagenic glow]
 48087 | Swamp:4  | Got a decaying rune of Zot
 48257 | Swamp:4  | Reached skill level 21 in Fighting
 48264 | Swamp:4  | Killed baller8008's ghost
 48312 | Swamp:4  | Gained mutation: You are frail. (-10% HP) [mutagenic glow]
 48869 | D:1      | Bought a scroll of enchant weapon for 82 gold pieces
 48869 | D:1      | Bought a scroll of enchant weapon for 82 gold pieces
 48869 | D:1      | Bought a scroll of brand weapon for 104 gold pieces
 49047 | Lair:2   | Killed Juisar's ghost
 49050 | Lair:2   | HP: 5/155 [ten-headed hydra (13)]
 49050 | Lair:2   | HP: 1/155 [ten-headed hydra (4)]
 49050 | Lair:2   | Mangled by a ten-headed hydra

Illustrated notes

Levels and vault maps discovered:
D:1:      dpeg_arrival_prison, layout_rooms, serial_shops, shop
D:2:      layout_loops_ring
D:3:      layout_basic, skrybe_limestone_x, uniq_robin
D:4:      layout_rooms, jmf_multi_god_temple2, nicolae_overflow_hidden_temple,
          minmay_temple_entry_ruins, gammafunk_ghost_mausoleum,
          minmay_increasing_density, uniq_edmund, uniq_pikel,
          uniq_blork_the_orc, uniq_ijyb, uniq_grinder
D:5:      layout_rooms, minmay_manual_monolith
D:6:      layout_basic, uniq_eustachio
D:7:      layout_loops_cross, lemuel_mausoleum_altar_kikubaaqudgha,
          enter_bailey_5, nrook_campfire, uniq_crazy_yiuf_cottage, uniq_duvessa
D:8:      layout_cave_pools
D:9:      layout_basic, erik_lair_orcish_takeover
D:10:     minmay_smoke_and_mirrors, layout_basic, orc_david_3,
          serial_bayou_lagoon_a
D:11:     layout_long_grid, chequers_serial_rivers_micro_a
D:12:     layout_irregular_city, minmay_misc_feat_hallway, uniq_nergalle
D:13:     layout_rooms, erik_vaults_2, hangedman_abyss_or_decor_stabs,
          zin_academy
D:14:     layout_long_grid, nicolae_triple_integral, chequers_big_river,
          dreamdust_princess_bridge, minmay_tree_intersection, minivault_10,
          minmay_statue_bubble
D:15:     grunt_enter_depths_hoard, layout_loops_ring,
          hangedman_decor_clover_reticule
Temple:   nicolae_temple_superstar
Lair:1:   layout_loops_ring, minmay_holes, beast_lair_carwin_5,
          lemuel_fruit_fields, grunt_megastairs_3
Lair:2:   layout_hall_layers, minmay_swamp_entry_eels,
          guppyfry_snake_entry_island, serial_forest,
          infiniplex_forest_clump_diagonal, infiniplex_forest_corner_2,
          infiniplex_forest_clump_double, infiniplex_forest_straight_4,
          infiniplex_forest_diagonal, infiniplex_forest_zigzag_1,
          infiniplex_forest_corner_1, infiniplex_forest_pool,
          gammafunk_ghost_hydra_chop, beast_lair_carwin_10
Lair:3:   layout_chaotic_city, nicolae_quartered_pool_impasse
Lair:4:   layout_regular_city
Lair:5:   wormcave, layout_small_grid, hangedman_lair_caniforms_friends,
          slime_entry_2, basic_altar, special_room [special_room_mythical_zoo],
          lemuel_fruit_tree
Swamp:1:  layout_basic_swamp, evilmike_swamp_ruin_house_5
Swamp:2:  layout_basic_swamp, serial_swamp_ruin, evilmike_swamp_ruin_house_3,
          evilmike_swamp_ruin_house_2, infiniplex_staircase_pool_2
Swamp:3:  layout_falls_marsh, hangedman_swamp_diagram, swamp_pool2,
          nicolae_swamp_some_circles
Swamp:4:  swamp_old_school, layout_basic_swamp, ebering_ghost_xom
Orc:1:    layout_diamond_mine
Orc:2:    kennysheep_orc_mage_school, layout_diamond_mine, basic_altar

Skill      XL: |  1  2  3  4  5  6  7  8  9 10 11 12 13 14 15 16 17 |
---------------+----------------------------------------------------+-----
Fighting       | 1 2 4 5 8 10 11 14 17 18 19 20 21 | 21.0
Spellcasting   | 3 4 6 9 11 12 | 12.1
Conjurations   | 6 9 11 13 | 13.4
Translocations | 2 |  2.0
Air Magic      | 3 6 8 9 10 13 14 16 | 16.5
Fire Magic     | 3 8 |  8.7
Transmutations | 4 |  4.0
Dodging        | |  1.7
Stealth        | |  1.7

Action                     |  1- 3 |  4- 6 |  7- 9 | 10-12 | 13-15 | 16-18 || total
---------------------------+-------+-------+-------+-------+-------+-------++-------
  Melee: Unarmed           |    27 |       |       |       |       |       ||    27
         Tailslap          |    15 |    14 |    44 |    27 |    36 |     2 ||   138
         Hand axe          |    70 |       |       |       |       |       ||    70
         Punch             |     1 |     1 |     7 |     4 |     3 |       ||    16
         Dagger            |       |   110 |       |       |       |       ||   110
         Whip              |       |       |   290 |    98 |       |       ||   388
         Dire flail        |       |       |       |    82 |       |       ||    82
         Staff             |       |       |       |    16 |   129 |    10 ||   155
         Quick blade       |       |       |       |       |    31 |       ||    31
         Kick              |       |       |       |       |    30 |       ||    30
   Cast: Magic Dart        |    26 |       |     1 |     5 |       |       ||    32
         Searing Ray       |     2 |     3 |    23 |    34 |       |       ||    62
         Arcjolt           |       |       |    22 |    29 |   238 |    46 ||   335
         Vhi's Electric Ch |       |       |     4 |     1 |       |       ||     5
         Plasma Beam       |       |       |       |    48 |    55 |   120 ||   223
         Freezing Cloud    |       |       |       |    57 |   130 |    24 ||   211
         Irradiate         |       |       |       |       |    68 |    34 ||   102
         Iskenderun's Batt |       |       |       |       |       |    16 ||    16
Ability: Breathe Steam     |       |       |    15 |     8 |     4 |     1 ||    28
  Evoke: Wand              |       |     8 |       |       |     4 |     7 ||    19
    Use: Scroll            |     1 |       |    14 |     7 |     8 |     7 ||    37
         Potion            |       |     1 |       |     1 |     3 |     8 ||    13
   Stab: Sleeping          |     2 |     3 |    10 |     1 |     2 |       ||    18
         Distracted        |       |     1 |       |       |       |       ||     1
 Armour: Skin              |    46 |    19 |   106 |   104 |   176 |    72 ||   523
  Dodge: Dodged            |    86 |   108 |   347 |   359 |   462 |   145 ||  1507
  Block: Other             |       |     2 |    33 |       |       |       ||    35

Table legend: (Time is in decaauts)
 A = Elapsed time spent in this place.
 B = Non-inter-level travel time spent in this place.
 C = Inter-level travel time spent in this place.
 D = Time resting spent in this place.
 E = Time spent auto-exploring this place.
 F = Levels seen in this place.
 G = Mean time per level.
                   A        B        C        D        E       F      G
               +--------+--------+--------+--------+--------+-----+--------+
         Total |  49631 |  47128 |   2503 |  21815 |  17638 |  29 | 1711.4 |
       Dungeon |  23077 |  21341 |   1736 |   7572 |   9861 |  15 | 1538.5 |
        Temple |    131 |    113 |     18 |      0 |    100 |   1 |  131.0 |
          Lair |  14741 |  14419 |    322 |   8570 |   3880 |   5 | 2948.2 |
         Swamp |   9165 |   8893 |    272 |   5101 |   2837 |   4 | 2291.2 |
  Orcish Mines |   2366 |   2212 |    154 |    521 |    959 |   2 | 1183.0 |
         Abyss |    148 |    148 |      0 |     51 |      0 |   2 |   74.0 |
               +--------+--------+--------+--------+--------+-----+--------+

Top non-repeatable levels by time:
  Lair:5: 5702 daAuts
  Lair:2: 3741 daAuts
 Swamp:3: 3294 daAuts
  Lair:1: 3135 daAuts
     D:9: 2483 daAuts
 Swamp:1: 2468 daAuts
    D:14: 2045 daAuts
     D:6: 2000 daAuts
     D:7: 1951 daAuts
    D:13: 1879 daAuts
    D:10: 1767 daAuts
 Swamp:4: 1724 daAuts
    D:12: 1691 daAuts
 Swamp:2: 1678 daAuts
    D:15: 1599 daAuts
